 Dungeon Crawl Stone Soup version 0.18.1-50-g88ac8fd (webtiles) character file.

104 lorenzova the Sneak (level 4, 0/21 HPs)
             Began as a Spriggan Enchanter on Oct 30, 2016.
             Slain by an orc wizard
             ... wielding a +0 dagger
              (1 damage)
             ... on level 3 of the Dungeon.
             The game lasted 00:04:36 (2044 turns).

lorenzova the Sneak (Spriggan Enchanter)            Turns: 2044, Time: 00:04:37

Health: 0/21       AC:  9    Str:  4    XL:     4   Next: 52%
Magic:  0/10       EV: 20    Int: 16    God:
Gold:   92         SH:  0    Dex: 17    Spells: 3 memorised, 3 levels left

rFire  . . .     SeeInvis +     n - +1 short sword (protect)
rCold  . . .     Gourm    .     o - +2 animal skin
rNeg   . . .     Faith    .     (shield restricted)
rPois  .         Spirit   .     (helmet restricted)
rElec  .         Dismiss  .     (no cloak)
rCorr  .         Reflect  .     (gloves unavailable)
SustAt .         Harm     .     (boots unavailable)
MR     .....                    (no amulet)
Stlth  +++.......               (no ring)
                                (no ring)

@: very quick, not resistant to hostile enchantments, fairly stealthy
A: unfitting armour, see invisible, herbivore 3, speed 3, slow metabolism 2
a: no special abilities


You were on level 3 of the Dungeon.
You were hungry.

You visited 1 branch of the dungeon, and saw 3 of its levels.

You collected 92 gold pieces.

Inventory:

Hand Weapons
 n - a +1 short sword of protection (weapon)
Armour
 o - a +2 animal skin (worn)
Scrolls
 e - a scroll of enchant weapon {unknown}
 f - a scroll of remove curse
 g - a scroll of magic mapping {unknown}
 h - 2 scrolls of teleportation {unknown}
 k - 2 scrolls of identify
Potions
 i - 2 potions of curing
 j - a potion of heal wounds
 l - 2 potions of resistance
 m - a potion of might
Books
 c - a book of Maledictions

   Spells                             Type                      Level
   a - Corona                         Hexes                        1
   b - Ensorcelled Hibernation        Hexes/Ice                    2
   c - Confuse                        Hexes                        3
   d - Tukima's Dance                 Hexes                        3
   e - Dazzling Spray                 Conjuration/Hexes            3
Comestibles
 d - a bread ration


   Skills:
 + Level 0.2 Fighting
 + Level 1.2 Short Blades
 + Level 4.6 Dodging
 + Level 5.4 Stealth
 + Level 3.4 Spellcasting
 + Level 4.4 Hexes
 + Level 0.1 Ice Magic


You had 3 spell levels left.
You knew the following spells:

 Your Spells              Type           Power        Failure   Level  Hunger
a - Corona                Hex            ###....      3%          1    None
b - Ensorcelled Hibernat  Hex/Ice        ##....       12%         2    ##.....
c - Confuse               Hex            ###.....     12%         3    ###....


Dungeon Overview and Level Annotations

Branches:
Dungeon (3/15)

Altars:


Innate Abilities, Weirdness & Mutations

You are tiny and cannot use many weapons and most armour.
You have supernaturally acute eyesight.
You are a herbivore.
You cover ground extremely quickly.
You need consume almost no food.


Message History

The orc wizard gestures at you while chanting.
The puff of flame misses you.
You hit the orc wizard.
The orc wizard is almost dead.
The orc wizard barely misses you.
You barely miss the orc wizard.
The orc wizard is almost dead.
The orc wizard casts a spell at you. The puff of flame hits you!
* * * LOW HITPOINT WARNING * * *
You closely miss the orc wizard.
The orc wizard is almost dead.
The orc wizard barely misses you.
You barely miss the orc wizard.
The orc wizard is almost dead.
The orc wizard closely misses you.
You barely miss the orc wizard.
The orc wizard is almost dead.
The orc wizard hits you with a dagger.
You die...

####
#.. #.#
##.#
#..#
#.##
#@#
#o##
#w.#
#.##
#.#
.......
##.#
.......
#..#
..o....
#.##
.......
#.#


You could see a worm and an orc wizard.

Vanquished Creatures
  Robin (D:2)
  3 adders (D:2)
  An ooze (D:2)
  A worm (D:2)
  2 dart slugs (D:1)
  A giant gecko (D:2)
  An orc (D:3)
  8 bats
  3 giant cockroaches
  9 goblins
  7 hobgoblins
  2 jackals (D:2)
  3 giant newts
  4 kobolds
  4 rats
50 creatures vanquished.

Notes
Turn   | Place    | Note
--------------------------------------------------------------
     0 | D:1      | lorenzova the Spriggan Enchanter began the quest for the Orb.
     0 | D:1      | Reached XP level 1. HP: 9/9 MP: 5/5
   204 | D:1      | Reached XP level 2. HP: 13/13 MP: 6/6
   208 | D:1      | Learned a level 2 spell: Ensorcelled Hibernation
   711 | D:2      | Reached XP level 3. HP: 16/16 MP: 8/8
   716 | D:2      | Learned a level 3 spell: Confuse
   960 | D:2      | Noticed Robin
  1364 | D:2      | Reached skill level 5 in Stealth
  1437 | D:2      | Reached XP level 4. HP: 21/21 MP: 6/9
  1573 | D:2      | Killed Robin
  2041 | D:3      | HP: 1/21 [orc wizard/puff of flame (9)]
  2044 | D:3      | Slain by an orc wizard

Skill      XL: |  1  2  3 |
---------------+----------+-----
Hexes          | 4 |  4.4
Dodging        | 4 |  4.6
Stealth        | 5 |  5.4
Spellcasting   | 3 |  3.4
Fighting       | |  0.2
Short Blades   | |  1.2
Ice Magic      | |  0.1

Action                   |  1- 3 |  4- 6 || total
-------------------------+-------+-------++-------
Melee: Dagger            |   146 |    15 ||   161
       Short sword       |       |    42 ||    42
 Cast: Ensorcelled Hiber |    18 |    11 ||    29
  Use: Scroll            |       |     6 ||     6
 Stab: Sleeping          |    18 |     9 ||    27
Armor: Robe              |    33 |       ||    33
       Animal skin       |       |    13 ||    13
Dodge: Dodged            |   153 |    51 ||   204
